 Dungeon Crawl Stone Soup version 0.13-a0-2484-gc765b08 (webtiles) character file.

436 Rycklaryybbe the Insei (level 6, 0/46 HPs)
             Began as a Demonspawn Monk on July 20, 2013.
             Slain by Grinder (5 damage)
             ... while paralysed by Grinder
             ... on Level 3 of the Dungeon.
             The game lasted 00:12:49 (3820 turns).

Rycklaryybbe the Insei (Demonspawn Monk)            Turns: 3820, Time: 00:12:49

HP   0/46        AC  2     Str 11      XL: 6   Next:  4%
MP   5/5         EV  2     Int 12      God:
Gold 160         SH  0     Dex 16 (17) Spells:  0 memorised,  5 levels left

Res.Fire  : + . .   See Invis. : .   i - +0,+1 short sword (drain)
Res.Cold  : + . .   Warding    : .   a - +0 robe (curse)
Life Prot.: . . .   Conserve   : .   (no shield)
Res.Poison: .       Res.Corr.  : .   (helmet restricted)
Res.Elec. : .       Clarity    : .   (no cloak)
Sust.Abil.: . .     Spirit.Shd : .   (no gloves)
Res.Mut.  : .       Stasis     : .   (no boots)
Res.Rott. : .       Flight     : .   (no amulet)
Saprovore : . . .                    (no ring)
                                     x - ring of protection from fire {unknown}

@: paralysed, slightly resistant to hostile enchantments, fairly stealthy
A: horns 1, cold resistance 1, conserve potions
a: no special abilities


You were on level 3 of the Dungeon.
You were very hungry.

You visited 1 branch of the dungeon, and saw 3 of its levels.

You collected 160 gold pieces.

Inventory:

Hand weapons
 i - a +0,+1 short sword of draining (weapon)
 j - a +0,+0 sling
 m - a +0,+0 elven dagger
 z - a +1,+1 orcish falchion
 B - a +0,+0 dagger
Missiles
 k - 28 stones (quivered)
Armour
 a - a cursed +0 robe (worn)
 n - a +0 cap
 v - a +2 crested helmet
 y - a +2 chain mail of magic resistance
Magical devices
 s - a wand of polymorph (3)
Comestibles
 b - 3 bread rations
 d - a choko
 g - a cheese
 h - 3 meat rations
 r - a pear
 A - a snozzcumber
Scrolls
 e - a scroll of enchant weapon II {unknown}
 l - 3 scrolls of teleportation
 o - 2 scrolls of remove curse
 u - 2 scrolls of curse armour
Jewellery
 c - an uncursed ring of teleportation
 x - a ring of protection from fire (left hand) {unknown}
Potions
 f - 3 potions of curing
 p - 2 potions of agility {unknown}


   Skills:
 - Level 3.0 Fighting
 - Level 2.6 Dodging
 - Level 1.7 Stealth
 + Level 6.7 Unarmed Combat


You had 5 spell levels left.
You didn't know any spells.

Dungeon Overview and Level Annotations

Branches:
Dungeon (3/27)

Altars:
Xom

Annotations
D:3 Grinder


Innate Abilities, Weirdness & Mutations

You have a pair of small horns on your head.
Your flesh is cold resistant.
You are very good at protecting items from cold.


Message History

You closely miss Grinder.
Grinder is heavily wounded.
Grinder gestures at you. Pain shoots through your body!
You barely miss Grinder. You headbutt Grinder!
Grinder is severely wounded.
Grinder barely misses you.
You closely miss Grinder.
Grinder is severely wounded.
Grinder gestures at you.
You suddenly lose the ability to move!
Grinder hits you!
* * * LOW HITPOINT WARNING * * *
You writhe in agony.
* * * LOW HITPOINT WARNING * * *
Grinder gestures at you. Pain shoots through your body!
* * * LOW HITPOINT WARNING * * *
Grinder hits you.
You die...

############ ..[).......#
##########.# #....#
#######....#
#..........########
................@.#
...#.......######5# ..
#...###.# #.# . #...#
#.######.####
#...###.#........>########
#.....)........(.........#
.......##.#.........######.#
......##.#.........# #.#
......##.#.........# #g#####


You could see Grinder.

Vanquished Creatures
  The ghost of Waterpls the Insei, an average DsMo (D:3)
  An orc wizard (D:3)
  Ijyb (D:3)
  Terence (D:3)
  A giant mite (D:2)
  A worm (D:2)
  3 giant geckos
  6 orcs (D:3)
  2 giant cockroaches
  6 goblins
  4 hobgoblins
  8 kobolds
  A ball python (D:2)
  9 bats
  4 giant newts
  38 rats
87 creatures vanquished.

Notes
Turn   | Place    | Note
--------------------------------------------------------------
     0 | D:1      | Rycklaryybbe, the Demonspawn Monk, began the quest for the Orb.
     0 | D:1      | Reached XP level 1. HP: 16/16 MP: 0/0
    75 | D:1      | Reached skill level 4 in Unarmed Combat
    98 | D:1      | Gained mutation: Your flesh is cold resistant. [demonic ancestry]
    98 | D:1      | Reached XP level 2. HP: 19/22 MP: 1/1
  1101 | D:2      | Reached XP level 3. HP: 5/28 MP: 2/2
  2233 | D:2      | Reached skill level 5 in Unarmed Combat
  2353 | D:3      | Noticed Waterpls' ghost (average DsMo)
  2360 | D:3      | Reached XP level 4. HP: 23/34 MP: 3/3
  2674 | D:3      | Found a shimmering altar of Xom.
  2834 | D:3      | Noticed Terence
  2940 | D:3      | Killed Terence
  3246 | D:3      | Killed Waterpls' ghost
  3246 | D:3      | Reached skill level 6 in Unarmed Combat
  3246 | D:3      | Gained mutation: You are very good at protecting items from cold. [demonic ancestry]
  3246 | D:3      | Reached XP level 5. HP: 22/39 MP: 4/4
  3336 | D:3      | Noticed Ijyb
  3347 | D:3      | Killed Ijyb
  3347 | D:3      | Gained mutation: You have a pair of small horns on your head. [demonic ancestry]
  3347 | D:3      | Reached XP level 6. HP: 41/46 MP: 5/5
  3452 | D:3      | Noticed Grinder
  3458 | D:3      | Paralysed by Grinder for 2 turns
  3781 | D:3      | Paralysed by Grinder for 5 turns
  3817 | D:3      | Paralysed by Grinder for 7 turns
  3820 | D:3      | Slain by Grinder

Action                   |  1- 3 |  4- 6 || total
-------------------------+-------+-------++-------
Melee: Unarmed           |   190 |    85 ||   275
       Short sword       |     3 |     8 ||    11
       Falchion          |       |     4 ||     4
 Fire: Sling             |       |    18 ||    18
Throw: Hand axe          |     2 |     1 ||     3
       Javelin           |       |    14 ||    14
       Stone             |       |     1 ||     1
  Use: Scroll            |     8 |     1 ||     9
       Potion            |       |     6 ||     6
 Stab: Sleeping          |     7 |       ||     7
       Distracted        |       |     1 ||     1
       Invisible         |       |     1 ||     1
